 Dungeon Crawl Stone Soup version 0.31-a0-1101-g9ad1905e61 (webtiles) character file.

Game seed: 2973256406298521685

1866 Inarius the Cleaver (level 8, -7/61 HPs)
             Began as a Demonspawn Fighter on Dec 1, 2023.
             Was an Initiate of Makhleb.
             Killed from afar by an acid dragon (27 damage)
             ... with a splash of acid
             ... on level 6 of the Dungeon.
             The game lasted 00:10:38 (5808 turns).

Inarius the Cleaver (Demonspawn Fighter)            Turns: 5808, Time: 00:10:39

Health: -7/61      AC:  4    Str: 18    XL:     8   Next: 90%
Magic:  11/11      EV:  7    Int:  8    God:    Makhleb [......]
Gold:   251        SH:  5    Dex: 14    Spells: 7/7 levels left

rFire   . . .        a - +0 war axe
rCold   . . .        c - +0 buckler
rNeg    . . .        h - +0 chain mail
rPois   .            (helmet restricted)
rElec   .            (no cloak)
rCorr   .            (no gloves)
SInv    .            (no boots)
Will    .....        l - amulet of faith Stlth
                     q - +4 ring of protection
HPRegen 0.30/turn    (no ring)
MPRegen 0.12/turn

%: faith
@: about to teleport, corroded
A: antennae 1, thin metallic scales 2, demonic guardian 1
a: Renounce Religion


You were on level 6 of the Dungeon.
You worshipped Makhleb.
Makhleb was noncommittal.
You visited 1 branch of the dungeon, and saw 6 of its levels.

You collected 303 gold pieces.
You spent 52 gold pieces at shops.

Inventory:

Hand Weapons
 a - a +0 war axe (weapon)
Armour
 b - a +0 scale mail
 c - a +0 buckler (worn)
 h - a +0 chain mail (worn)
 o - the +0 plate armour "Mouth" {Contam rN+ Int+3}
   (You found it on level 4 of the Dungeon)

   Int+3:     It affects your intelligence (+3).
   rN+:       It protects you from negative energy.
   Contam:    It causes magical contamination when unequipped.
Jewellery
 l - an amulet of faith (around neck)
 q - a +4 ring of protection (left hand)
 t - a ring of ice
Talismans
 j - a maw talisman
Wands
 r - a wand of flame (10)
Scrolls
 d - a scroll of vulnerability
 e - 2 scrolls of teleportation
 f - 4 scrolls of revelation
 n - 2 scrolls of fear
Potions
 g - a potion of cancellation {unknown}
 i - a potion of curing
 k - a potion of heal wounds
 m - a potion of attraction
 p - 2 potions of ambrosia
 s - a potion of brilliance {unknown}


   Skills:
 + Level 4.8 Fighting
 * Level 8.3 Axes
 + Level 4.9 Armour
 + Level 0.4 Stealth
 + Level 3.9 Shields
 * Level 4.0 Invocations


You had 7 spell levels left.
You didn't know any spells.
Your spell library contained the following spells:

 Spells                   Type           Power      Damage    Failure   Level
 Apportation              Tloc           0%         N/A       99%         1
 Jinxbite                 Hex            0%         N/A       100%        2
 Inner Flame              Hex/Fire       0%         N/A       100%        3
 Alistair's Intoxication  Tmut/Pois      0%         N/A       100%        5
 Yara's Violent Unravell  Hex/Tmut       0%         3d3       100%        5
 Enfeeble                 Hex            0%         N/A       100%        7


Dungeon Overview and Level Annotations

Branches:
Dungeon (6/15)             Temple (0/1) D:6

Altars:
Makhleb
Trog

Shops:
D:3 ?


Innate Abilities, Weirdness & Mutations

You have a pair of small antennae on your head.
You are mostly covered in thin metallic scales. (AC +3)
A weak demonic guardian rushes to your aid.


Message History

The scorpion is almost dead.
The scorpion stings you. The scorpion barely misses you.
You slash the scorpion!
You kill the scorpion!
Makhleb accepts your kill. The acid dragon spits acid at you.
The splash of acid hits you. The acid corrodes you!
Your Invocations skill increases to level 4!
You see here a scorpion corpse.
The acid dragon spits acid at you. The splash of acid hits you!
The acid corrodes you! The acid dragon barely misses you.
The acid dragon claws you.
You barely miss the acid dragon. The acid dragon bites you!
The acid dragon claws you. The acid dragon misses you.
You block the acid dragon's attack.
You barely miss the acid dragon. The acid dragon bites you.
The acid dragon barely misses you.
Okay, then.
Okay, then.
Unknown command.
Okay, then.
You hit the acid dragon but do no damage.
The acid dragon bites you but does no damage.
You block the acid dragon's attack.
You hit the acid dragon.
The acid dragon is lightly wounded.
The acid dragon spits acid at you. The splash of acid hits you!
The acid corrodes you!
As you read the scroll of teleportation, it crumbles to dust.
You feel strangely unstable. The acid dragon barely misses you.
The acid dragon claws you.
You hit the acid dragon but do no damage.
The acid dragon is lightly wounded.
You block the acid dragon's attack. The acid dragon barely misses you.
Your surroundings seem slightly different.
As you read the scroll of teleportation, it crumbles to dust.
You feel strangely unstable. The acid dragon spits acid at you.
The splash of acid hits you!!
You die...

##### .....# ##### .....#
#...### ...## ####.#....
#...# #....####.
#.#.###.#### #.
#######.#...#.# #.
#....@.....>#.# ##
#####$......#.#...# #
#.........#.#.##..# ##
####.....#.#.##..# ##.
#.D#################..
#[.#.......>...○...##.
#..#...........○...#..
#...#°............○.#..
......#..°............##.


You could see an acid dragon (catching breath).

Vanquished Creatures
  Pikel (D:5)
  Sigmund (D:2)
  Duvessa (D:6)
  A water moccasin (D:6)
  A sky beast (D:6)
  2 lemures (D:5)
  A phantom (D:5)
  2 scorpions
  4 wights
  A howler monkey (D:6)
  3 hounds
  A jelly (D:4)
  An orc priest (D:3)
  2 sleepcaps
  6 adders
  4 gnolls (D:5)
  A shadow imp (D:6)
  2 worms
  2 dart slugs (D:4)
  9 orcs
  5 endoplasms
  3 giant cockroaches
  8 goblins
  5 hobgoblins
  7 jackals (D:4)
  A quokka (D:2)
  6 ball pythons
  4 bats
  5 frilled lizards
  3 rats
93 creatures vanquished.

Vanquished Creatures (collateral kills)
  2 lemures (D:5)
  Dowan (D:6)
  A wight (D:6)
  A hound (D:6)
5 creatures vanquished.

Vanquished Creatures (others)
  A shadow imp (D:6)
1 creature vanquished.

Grand Total: 99 creatures vanquished

Notes
Turn   | Place    | Note
-------+----------+-------------------------------------------
     0 | D:1      | Inarius the Demonspawn Fighter began the quest for the Orb.
     0 | D:1      | Reached XP level 1. HP: 18/18 MP: 1/1
   145 | D:1      | Reached skill level 2 in Axes
   150 | D:1      | Gained mutation: You are partially covered in thin metallic
                  | scales. (AC +2) [demonic ancestry]
   150 | D:1      | Reached XP level 2. HP: 23/24 MP: 2/2
   286 | D:1      | You fall into a shaft and drop 1 floor!
   844 | D:2      | Noticed Sigmund
   857 | D:2      | Killed Sigmund
   858 | D:2      | Reached skill level 3 in Axes
   858 | D:2      | Reached XP level 3. HP: 29/29 MP: 3/3
   858 | D:2      | Gained mutation: You have a pair of small antennae on your
                  | head. [demonic ancestry]
   858 | D:2      | Reached XP level 4. HP: 35/35 MP: 4/4
   858 | D:2      | Reached XP level 5. HP: 41/41 MP: 5/5
   870 | D:2      | Reached skill level 4 in Axes
  1757 | D:3      | Gained mutation: A weak demonic guardian rushes to your
                  | aid. [demonic ancestry]
  1757 | D:3      | Reached XP level 6. HP: 28/47 MP: 6/6
  1914 | D:3      | Found Ajy Omp's Magic Scroll Emporium.
  1917 | D:3      | Bought a scroll of identify for 26 gold pieces
  1922 | D:3      | Bought a scroll of identify for 26 gold pieces
  2463 | D:4      | Found a bloodstained altar of Trog.
  2794 | D:4      | Identified the +0 plate armour "Mouth" {Contam rN+ Int+3}
  3189 | D:5      | Entered Level 5 of the Dungeon
  3415 | D:5      | Reached skill level 5 in Axes
  3840 | D:5      | Gained mutation: You are mostly covered in thin metallic
                  | scales. (AC +3) [demonic ancestry]
  3840 | D:5      | Reached XP level 7. HP: 42/53 MP: 7/7
  3880 | D:5      | Found a burning altar of Makhleb.
  3885 | D:5      | Became a worshipper of Makhleb the Destroyer
  4160 | D:6      | Found a staircase to the Ecumenical Temple.
  4187 | D:6      | Noticed Pikel
  4362 | D:6      | Noticed Dowan
  4363 | D:6      | Noticed Duvessa
  4391 | D:6      | Reached skill level 6 in Axes
  4728 | D:5      | Killed Pikel
  4729 | D:5      | Reached skill level 7 in Axes
  4729 | D:5      | Reached XP level 8. HP: 40/60 MP: 7/9
  5393 | D:6      | Killed Duvessa
  5429 | D:6      | Killed Dowan
  5618 | D:6      | Reached skill level 8 in Axes
  5808 | D:6      | Killed from afar by an acid dragon

Illustrated notes

Levels and vault maps discovered:
D:1:      minmay_arrival_open_corners, layout_loops_ring,
          nicolae_kite_square_tiling_tiny, chequers_serial_rivers_large_a
D:2:      layout_loops_corners, kennysheep_potato, uniq_sigmund
D:3:      layout_basic, serial_shops, nicolae_shop_behind_doors
D:4:      layout_basic, lemuel_crystal_altar
D:5:      layout_loops_ring, lemuel_doored_altar
D:6:      layout_rooms, elyvilon_altar_1, lemuel_temple_firewalk_b,
          nicolae_concentric_dashed_squares_mild, uniq_pikel, uniq_duvessa

Skill      XL: |  1  2  3  4  5  6  7  8 |
---------------+-------------------------+-----
Axes           | 2 3 4 5 7 8 |  8.3
Armour         | 3 4 |  4.9
Shields        | 3 |  3.9
Fighting       | 4 |  4.8
Invocations    | 2 4 |  4.0
Stealth        | |  0.4

Action                     |  1- 3 |  4- 6 |  7- 9 || total
---------------------------+-------+-------+-------++-------
  Melee: War axe           |    57 |   188 |   191 ||   436
    Use: Potion            |     1 |       |     1 ||     2
         Scroll            |       |     9 |     2 ||    11
 Armour: Scale mail        |    44 |       |       ||    44
         Chain mail        |     6 |   154 |   179 ||   339
         Skin              |       |       |    19 ||    19
  Dodge: Dodged            |    19 |    56 |    64 ||   139
  Block: Buckler           |    18 |    44 |    41 ||   103

Table legend: (Time is in decaauts)
 A = Elapsed time spent in this place.
 B = Non-inter-level travel time spent in this place.
 C = Inter-level travel time spent in this place.
 D = Time resting spent in this place.
 E = Time spent auto-exploring this place.
 F = Levels seen in this place.
 G = Mean time per level.
                   A        B        C        D        E       F      G
               +--------+--------+--------+--------+--------+-----+--------+
         Total |   5935 |   5588 |    347 |    788 |   3565 |   6 |  989.2 |
       Dungeon |   5935 |   5588 |    347 |    788 |   3565 |   6 |  989.2 |
               +--------+--------+--------+--------+--------+-----+--------+

Top non-repeatable levels by time:
     D:5: 1604 daAuts
     D:4: 1041 daAuts
     D:6: 978 daAuts
     D:2: 949 daAuts
     D:1: 688 daAuts
     D:3: 672 daAuts
